 Dungeon Crawl Stone Soup version 0.27.1-35-g4d5d836560 (console) character file.

Game seed: 5931699791225928463

4 Faeu the Skirmisher (level 1, -2/20 HPs)
             Began as a Minotaur Berserker on May 13, 2022.
             Was a Follower of Trog.
             Slain by a kobold (4 damage)
             ... on level 1 of the Dungeon.
             The game lasted 00:00:29 (184 turns).

Faeu the Skirmisher (Minotaur Berserker)             Turns: 184, Time: 00:00:29

Health: -2/20      AC:  2    Str: 21    XL:     1   Next: 50%
Magic:  0/0        EV: 12    Int:  4    God:    Trog [*.....]
Gold:   25         SH:  0    Dex:  9    Spells: 0/0 levels left

rFire    . . .     SeeInvis .   a - +0 hand axe {axe}
rCold    . . .     Faith    .   (no shield)
rNeg     . . .     Spirit   .   b - +0 animal skin
rPois    .         Reflect  .   (helmet restricted)
rElec    .         Harm     .   (no cloak)
rCorr    .         Rampage  .   (no gloves)
Will     .....                  (no boots)
Stlth    +.........             (no amulet)
HPRegen  0.06/turn              (no ring)
MPRegen  0.07/turn              (no ring)

@: no status effects
A: horns 2, retaliatory headbutt
a: Renounce Religion, Berserk


You were on level 1 of the Dungeon.
You worshipped Trog.
Trog was aware of your devotion.
You visited 1 branch of the dungeon, and saw 1 of its levels.

You collected 25 gold pieces.


Innate Abilities, Weirdness & Mutations

You have a pair of horns on your head.
You reflexively headbutt those who attack you in melee.


   Skills:
 + Level 3.7 Fighting
 + Level 3.7 Axes
 + Level 2.5 Armour
 + Level 2.3 Dodging


You couldn't memorise any spells.
You didn't know any spells.
Your spell library was empty.

Inventory:

Hand Weapons
 a - a +0 hand axe (weapon) {axe}
Missiles
 c - 2 boomerangs (quivered) {throwing}
 d - 21 stones {throwing}
Armour
 b - a +0 animal skin (worn)
Scrolls
 e - a scroll of enchant armour {unknown}

Dungeon Overview and Level Annotations

Branches:
Dungeon (1/15)

Altars:

###.###..........##
....###.########..#
#....#.#########.#
##.#...........#.#
#.###.###...##### > #.#
#.# #...#.. ..#.#
#.###..#..
#.#.###.##...#.#
#..^....##...#.#
###..##.....#..######.#
##..#.##..#...@K....#
##.#.###.#.......#..#
#..)###.####.####
###.....# ..#
###.#...#..+
#......#..#
......###### ###...##
#...# #...# #####


You could see a kobold.


Message History

A frilled lizard comes into view.
The frilled lizard hisses angrily.
The frilled lizard barely misses you.
You closely miss the frilled lizard. The frilled lizard closely misses you.
You furiously retaliate!
You headbutt the frilled lizard!
You kill the frilled lizard!
Trog accepts your kill.
You see here a frilled lizard corpse.
e - a scroll labelled HUYSEY AWANN A frilled lizard comes into view.
The frilled lizard hisses angrily.
You closely miss the frilled lizard. The frilled lizard bites you. 😕 HP[-2]
You take 2 damage, and now have 17/19 hp.
You hit the frilled lizard. You headbutt the frilled lizard.
You kill the frilled lizard!
Trog accepts your kill. 😕 HP[+1]
You now have 20 max hp (+1).
A ball python and a kobold come into view.
Found a stone staircase leading down.
The kobold shouts!
The ball python hisses angrily. 😎 HP[+2]
Your hp is fully restored (20).
The ball python bites you.
The ball python barely misses you. 😕 HP[-2]
You take 2 damage, and now have 18/20 hp.
You hit the ball python.
You kill the ball python!
Trog accepts your kill.
You hit the kobold. Your headbutt misses the kobold.
The kobold hits you with a +0 short sword. 😕 HP[-1]
You take 1 damage, and now have 17/20 hp.
You hit the kobold but do no damage. The kobold hits you but does no damage.
You closely miss the kobold. You headbutt the kobold.
You kill the kobold!
Trog accepts your kill.
Things that are here:
a +0 short sword {short}; a ball python corpse No target in view!
An endoplasm comes into view.
An endoplasm is nearby!
The endoplasm quivers. 😕 HP[+1]
An endoplasm is nearby!
You slash the endoplasm!
You kill the endoplasm!
Trog accepts your kill.
Key pressed, stopping explore.
No target in view! 😎 HP[+2]
Your hp is fully restored (20).
A kobold comes into view. It is wielding a +3 short sword.
The kobold throws a stone.
The stone completely misses you.
The kobold throws a stone.
The stone hits you but does no damage.
A kobold is nearby!
A kobold is nearby!
The kobold throws a stone.
The stone hits you. 😕 HP[-1]
You take 1 damage, and now have 19/20 hp.
A kobold is nearby!
The kobold hits you with a +3 short sword. 😮 HP[-6]
You take 6 damage, and now have 13/20 hp.
MASSIVE DAMAGE!! (PAUSE)
A kobold is nearby!
You are too injured to fight recklessly!
A kobold is nearby!
You are too injured to fight recklessly!
A kobold is nearby!
You are too injured to fight recklessly!
A kobold is nearby!
You are too injured to fight recklessly!
A kobold is nearby!
You are too injured to fight recklessly!
A kobold is nearby!
You are too injured to fight recklessly!
You completely miss the kobold.
The kobold hits you with a +3 short sword.
* * * LOW HITPOINT WARNING * * *
A kobold is nearby!
You hit the kobold but do no damage.
The kobold hits you with a +3 short sword!
* * * LOW HITPOINT WARNING * * *
You are too injured to fight recklessly! 😱 HP[-10]
You take 10 damage, and now have 3/20 hp.
MASSIVE DAMAGE!! (PAUSE)
You are too injured to fight recklessly!
You closely miss the kobold.
The kobold hits you with a +3 short sword.
* * * LOW HITPOINT WARNING * * *
A kobold is nearby! 😱 HP[-1]
You take 1 damage, and now have 2/20 hp.
You are too injured to fight recklessly!
You closely miss the kobold. You headbutt the kobold.
The kobold hits you with a +3 short sword.
You die...

Action                   || total
-------------------------++-------
Melee: Hand axe          ||    12
       Headbutt          ||     3
Armor: Animal skin       ||     2
Dodge: Dodged            ||     4

Levels and vault maps discovered:
D:1:      scummos_arrival_hexagon, layout_rooms,
          shapermc_ecumenical_altar_mp_vishouse

Notes
Turn   | Place    | Note
-------+----------+-------------------------------------------
     0 | D:1      | Faeu the Minotaur Berserker began the quest for the Orb.
     0 | D:1      | Reached XP level 1. HP: 19/19 MP: 0/0
     0 | D:1      | magus.rc [v1.9.6]
   182 | D:1      | HP: 3/20 [kobold (7)]
   184 | D:1      | Slain by a kobold

Vanquished Creatures
  An endoplasm (D:1)
  A ball python (D:1)
  2 frilled lizards (D:1)
  A kobold (D:1)
5 creatures vanquished.

Table legend:
 A = Non-vault XP
 B = Vault XP
 C = Vault XP percentage of total XP
 D = Non-vault monster count
 E = Vault monster count
 F = Vault count percentage of total count
                 A         B        C        D         E       F
            +---------+---------+-------+---------+---------+-------
      Total |       6 |       0 |   0.0 |       5 |       0 |   0.0
            +---------+---------+-------+---------+---------+-------
        D:1 |       6 |       0 |   0.0 |       5 |       0 |   0.0
            +---------+---------+-------+---------+---------+-------

Illustrated notes

Table legend:
 A = Kills in this place as a percentage of kills in entire the game.
 B = Kills by you in this place as a percentage of kills by you in the entire game.
 C = Kills by friends in this place as a percentage of kills by friends in the entire game.
 D = Other kills in this place as a percentage of other kills in the entire game.
 E = Experience gained in this place as a percentage of experience gained in the entire game.
 F = Experience gained in this place divided by the number of levels of this place that you have seen.
                   A       B       C       D       E      F
               +-------+-------+-------+-------+-------+----------------------
         Total | 100.0 | 100.0 |   N/A |   N/A | 100.0 |   6.0
       Dungeon | 100.0 | 100.0 |   N/A |   N/A | 100.0 |   6.0
               +-------+-------+-------+-------+-------+----------------------

Table legend: (Time is in decaauts)
 A = Elapsed time spent in this place.
 B = Non-inter-level travel time spent in this place.
 C = Inter-level travel time spent in this place.
 D = Time resting spent in this place.
 E = Time spent auto-exploring this place.
 F = Levels seen in this place.
 G = Mean time per level.
                   A        B        C        D        E       F      G
               +--------+--------+--------+--------+--------+-----+--------+
         Total |    185 |    185 |      0 |      0 |    149 |   1 |  185.0 |
       Dungeon |    185 |    185 |      0 |      0 |    149 |   1 |  185.0 |
               +--------+--------+--------+--------+--------+-----+--------+

Top non-repeatable levels by time:
     D:1: 185 daAuts
